 Dungeon Crawl Stone Soup version 0.30-b1-2-g02819fbbbe (webtiles) character file.

Game seed: 2140686776735955963

284 Borgoz the Slasher (level 6, -6/48 HPs)
             Began as a Human Fighter on June 25, 2023.
             Mangled by a black bear (11 damage)
             ... on level 4 of the Dungeon.
             The game lasted 00:04:46 (2425 turns).

Borgoz the Slasher (Human Fighter)                  Turns: 2425, Time: 00:04:47

Health: -6/48      AC:  8    Str: 17    XL:     6   Next: 55%
Magic:  6/6        EV:  9    Int:  8    God:
Gold:   142        SH:  5    Dex: 14    Spells: 5/5 levels left

rFire   . . .        a - +0 long sword
rCold   . . .        c - +0 buckler
rNeg    . . .        b - +0 scale mail
rPois   +            (no helmet)
rElec   .            (no cloak)
rCorr   .            (no gloves)
SInv    .            x - +0 pair of boots {rampage}
Will    .....        (no amulet) Stlth
                     m - ring of poison resistance
HPRegen 0.28/turn    t - ring of flight
MPRegen 0.10/turn

%: rampage
@: flying
A: no striking features
a: no special abilities


You were on level 4 of the Dungeon.
You visited 1 branch of the dungeon, and saw 4 of its levels.

You collected 337 gold pieces.
You spent 195 gold pieces at shops.

Inventory:

Hand Weapons
 a - a +0 long sword (weapon)
Missiles
 v - 4 poisoned darts (quivered)
Armour
 b - a +0 scale mail (worn)
 c - a +0 buckler (worn)
 x - a +0 pair of boots of rampaging (worn)
Jewellery
 i - an amulet of faith
 m - a ring of poison resistance (left hand)
 t - a ring of flight (right hand)
Wands
 n - a wand of mindburst (8)
Scrolls
 f - a scroll of vulnerability {unknown}
 h - a scroll of noise {unknown}
 j - 2 scrolls of silence {unknown}
 k - 3 scrolls of magic mapping {unknown}
 l - 2 scrolls of teleportation
 w - a scroll of poison {unknown}
Potions
 d - a potion of might
 g - 3 potions of haste {unknown}
 o - 2 potions of flight
 p - a potion of mutation {unknown}
 q - a potion of attraction {unknown}
 r - a potion of lignification {unknown}
 u - a potion of cancellation {unknown}


   Skills:
 + Level 4.0 Fighting
 * Level 4.3 Long Blades
 + Level 4.0 Armour
 - Level 0.3 Dodging
 + Level 4.0 Shields


You had 5 spell levels left.
You didn't know any spells.
Your spell library was empty.

Dungeon Overview and Level Annotations

Branches:
Dungeon (4/15)
 Temple: D:4-7

Altars:
Vehumet

Shops:
D:4 [

Annotations:
D:3 1 runed translucent door, Mesmaeker13's ghost, amateur DgEE


Message History

You are too injured to fight recklessly!
You are too injured to fight recklessly!
You feel better. The black bear bites you!
* * * LOW HITPOINT WARNING * * *
The black bear claws you but does no damage.
The black bear barely misses you. The kobold hits you but does no damage.
You feel much better.
The black bear bites you but does no damage.
The black bear closely misses you.
The black bear claws you but does no damage.
The black bear bites you.
The black bear claws you but does no damage.
The black bear claws you.
* * * LOW HITPOINT WARNING * * *
The kobold hits you but does no damage. The kobold attacks as you move away!
The kobold hits you with a +0 short sword.
* * * LOW HITPOINT WARNING * * *
The black bear bites you!
* * * LOW HITPOINT WARNING * * *
The black bear claws you but does no damage.
The black bear barely misses you.
There are monsters nearby!
There are monsters nearby!
There are monsters nearby!
You hit the black bear.
The black bear is severely wounded.
The black bear closely misses you.
The black bear claws you but does no damage. x2
The black bear bites you.
* * * LOW HITPOINT WARNING * * *
The black bear closely misses you.
The black bear claws you but does no damage.
A kobold comes into view. It is wielding a +0 short sword.
The kobold hits you with a +0 short sword.
* * * LOW HITPOINT WARNING * * *
You hit the black bear.
The black bear is almost dead.
The black bear bites you!
You die...

≈# #.$.
...#.# ≈≈≈
...
K..#.####
#≈##..
.........
≈≈≈#..
.........
.# ≈≈..#..
.... .#
##.... ...
.#
#...h###K#
.# #@K#..#
# ..
##...##.#
##
..####..#.#
.#
#.......>#
.#
#.####.#.#
.# #..# #
.# #.## .#
... #.# ##
.#.# #.#


You could see a black bear (berserk) and 2 kobolds.

Vanquished Creatures
  An ogre (D:4)
  A scorpion (D:3)
  A hound (D:2)
  An orc wizard (D:3)
  3 adders
  A worm (D:2)
  A dart slug (D:3)
  3 orcs (D:3)
  5 ball pythons
  A bat (D:2)
  4 endoplasms
  2 giant cockroaches (D:2)
  4 goblins
  6 hobgoblins
  4 jackals
  2 quokkas
  4 frilled lizards
  5 kobolds
  2 rats
51 creatures vanquished.

Vanquished Creatures (others)
  4 toadstools (D:4)
  2 withered plants (D:3)
6 creatures vanquished.

Grand Total: 57 creatures vanquished

Notes
Turn   | Place    | Note
-------+----------+-------------------------------------------
     0 | D:1      | Borgoz the Human Fighter began the quest for the Orb.
     0 | D:1      | Reached XP level 1. HP: 18/18 MP: 1/1
   112 | D:1      | Reached XP level 2. HP: 24/24 MP: 2/2
   627 | D:2      | Found a radiant altar of Vehumet.
   706 | D:2      | Reached XP level 3. HP: 25/29 MP: 3/3
   882 | D:2      | Reached XP level 4. HP: 30/35 MP: 4/4
  1327 | D:3      | Reached XP level 5. HP: 23/41 MP: 5/5
  1497 | D:3      | Found a runed translucent door.
  1498 | D:3      | Noticed Mesmaeker13's ghost (amateur DgEE)
  1968 | D:3      | Reached XP level 6. HP: 48/48 MP: 6/6
  2233 | D:4      | Found Xivatweof's Antique Armour Boutique.
  2235 | D:4      | Noticed an ogre
  2253 | D:4      | Killed an ogre
  2384 | D:4      | Bought a pair of runed boots for 195 gold pieces
  2411 | D:4      | Noticed a black bear
  2425 | D:4      | Mangled by a black bear

Illustrated notes

Levels and vault maps discovered:
D:1:      ncdulo_wetmaze, layout_loops_ring
D:2:      layout_rooms, basic_altar, due_unseen_surprise
D:3:      layout_rooms, gammafunk_ghost_grave, chequers_serial_rivers_marsh,
          chequers_serial_rivers_small_a, amethyst_killhole, solitary_fountain
D:4:      layout_rooms, serial_shops, nicolae_stop_n_shop_1, minivault_4,
          minmay_gold_behind_fungi, grunt_ministairs_2

Skill      XL: |  1  2  3  4  5  6 |
---------------+-------------------+-----
Long Blades    | 3 4 |  4.3
Fighting       | 4 |  4.0
Armour         | 4 |  4.0
Shields        | 4 |  4.0
Dodging        | |  0.3

Action                     |  1- 3 |  4- 6 || total
---------------------------+-------+-------++-------
  Melee: Long sword        |    88 |   119 ||   207
  Throw: Dart              |       |     2 ||     2
    Use: Scroll            |       |     4 ||     4
         Potion            |       |     3 ||     3
 Armour: Scale mail        |    38 |    89 ||   127
  Dodge: Dodged            |    44 |    64 ||   108
  Block: Buckler           |    21 |    24 ||    45
